 Dungeon Crawl Stone Soup version 0.31-a0-854-g362426d53f (webtiles) character file.

Game seed: 1967623317182255870

56 Ge0ff the Shooter (level 3, -1/23 HPs)
             Began as an Octopode Hexslinger on Oct 8, 2023.
             Slain by an iguana (5 damage)
             ... on level 3 of the Dungeon.
             The game lasted 00:04:03 (1410 turns).

Ge0ff the Shooter (Octopode Hexslinger)             Turns: 1410, Time: 00:04:03

Health: -1/23      AC:  1    Str:  7    XL:     3   Next: 97%
Magic:  5/5        EV: 13    Int: 15    God:
Gold:   102        SH:  0    Dex: 16    Spells: 2/4 levels left

rFire   . . .        a - +1 sling
rCold   . . .        (no shield)
rNeg    . . .        (helmet restricted)
rPois   .            (no amulet)
rElec   .            (no ring)
rCorr   .            (no ring)
SInv    .            (no ring)
Will    .....        (no ring)
Stlth   +++          (no ring)
HPRegen 0.23/turn    (no ring)
MPRegen 0.09/turn    (no ring)
                     (no ring)

%: no passive effects
@: weak-willed
A: almost no armour, amphibious, 8 rings, camouflage 1, gelatinous body 1,
(nimble swimmer 1), tentacles
a: no special abilities


You were on level 3 of the Dungeon.
You visited 1 branch of the dungeon, and saw 3 of its levels.

You collected 102 gold pieces.

Inventory:

Hand Weapons
 a - a +1 sling (weapon)
Missiles
 F - 17 poisoned darts
Scrolls
 C - a scroll of poison
 G - 3 scrolls of identify {unknown}
 J - a scroll of silence {unknown}
 M - a scroll of teleportation {unknown}
Potions
 D - 2 potions of enlightenment {unknown}
 E - a potion of attraction {unknown}
 H - a potion of ambrosia {unknown}
 I - a potion of invisibility {unknown}
 K - 2 potions of magic {!q}
 L - 2 potions of degeneration {unknown}


   Skills:
 - Level 1.0 Fighting
 + Level 3.4 Ranged Weapons
 - Level 2.0 Dodging
 - Level 2.0 Stealth
 + Level 1.3 Spellcasting
 + Level 3.2 Hexes
 - Level 1.0 Fire Magic


You had 2 spell levels left.
You knew the following spells:

 Your Spells              Type           Power      Damage    Failure   Level
s - Jinxbite              Hex            20%        N/A       10%         2

Your spell library contained the following spells:

 Spells                   Type           Power      Damage    Failure   Level
 Sigil of Binding         Hex            10%        N/A       19%         3
 Inner Flame              Hex/Fire       7%         N/A       30%         3
 Cause Fear               Hex            5%         N/A       54%         4
 Dimensional Bullseye     Hex/Tloc       2%         N/A       77%         4


Dungeon Overview and Level Annotations

Branches:
Dungeon (3/15) Zot: 16569

Altars:
Wu Jian


Innate Abilities, Weirdness & Mutations

You cannot wear most types of armour.
You are amphibious.
You can wear up to eight rings at the same time.
Your skin changes colour to match your surroundings (Stealth+).
Your rubbery body absorbs attacks. (AC +1, EV +1)
((You are camouflaged when in or above water. (Stealth+)))
You have tentacles for arms and can constrict up to eight enemies at once.


Message History

The orc shouts!
Casting: Jinxbite (safe; 10% risk of failure)
Confirm with . or Enter, or press ? or * to list all spells.
You beckon some vexing sprites to accompany your attacks.
You feel your willpower being sapped.
An iguana comes into view.
You shoot a sling bullet. The sling bullet hits the orc.
The orc is moderately wounded.
You shoot a sling bullet. The sling bullet hits the orc.
You kill the orc!
You shoot a sling bullet.
The sling bullet hits the iguana but does no damage.
A giggling sprite leaps out and smacks the iguana with its own front talon.
The iguana is moderately wounded.
Your magical contamination has completely faded away.
You shoot a sling bullet.
The sling bullet hits the iguana but does no damage.
The iguana is moderately wounded.
A giggling sprite leaps out and smacks the iguana with its own front talon.
The iguana is heavily wounded.
The jinxing sprites lose interest in you.
The iguana bites you. x2
You shoot a sling bullet.
The sling bullet completely misses the iguana.
The sling bullet hits the orc.
The orc is severely wounded.
The iguana misses you.
You shoot a sling bullet. The sling bullet hits the iguana.
The iguana is heavily wounded.
The iguana bites you.
You shoot a sling bullet.
The sling bullet barely misses the iguana.
The sling bullet hits the orc.
You kill the orc!
The iguana bites you but does no damage.
You shoot a sling bullet.
The sling bullet hits the iguana but does no damage.
The iguana is heavily wounded.
The iguana bites you.
You shoot a sling bullet.
The sling bullet hits the iguana but does no damage.
The iguana is heavily wounded.
The iguana seems less drained.
The iguana bites you. The iguana bites you!
* * * LOW HITPOINT WARNING * * *
You are too injured to fight recklessly!
You are too injured to fight recklessly!
It was a potion of magic.
Magic courses through your body.
K - 2 potions of magic;
F - 17 poisoned darts The iguana bites you.
You die...

#########.#
#ol@......#
........#########
........#
.#.....(#
....#.oo#
.#.##...# #.
....# . ....##


You could see an iguana and an orc.

Vanquished Creatures
  2 adders (D:2)
  2 worms (D:2)
  2 dart slugs
  2 orcs (D:3)
  An endoplasm (D:1)
  A giant cockroach (D:1)
  2 goblins (D:2)
  2 hobgoblins
  3 ball pythons (D:2)
  3 bats
  3 frilled lizards
  4 kobolds
  3 rats
30 creatures vanquished.

Notes
Turn   | Place    | Note
-------+----------+-------------------------------------------
     0 | D:1      | Ge0ff the Octopode Hexslinger began the quest for the Orb.
     0 | D:1      | Reached XP level 1. HP: 13/13 MP: 2/2
   168 | D:1      | Reached skill level 1 in Stealth
   214 | D:1      | Reached XP level 2. HP: 18/18 MP: 3/3
   217 | D:1      | Learned a level 2 spell: Jinxbite
   637 | D:2      | Found an ornate altar of the Wu Jian Council.
   818 | D:2      | Reached XP level 3. HP: 23/23 MP: 1/4
  1410 | D:3      | Slain by an iguana

Illustrated notes

Levels and vault maps discovered:
D:1:      roderic_crop_circles_arrival_small, layout_rooms
D:2:      layout_rooms, basic_altar, minmay_tetromino_s4
D:3:      layout_loops_corners

Skill      XL: |  1  2 |
---------------+-------+-----
Stealth        | 1 2 |  2.0
Ranged Weapons | 3 |  3.4
Fighting       | |  1.0
Dodging        | |  2.0
Spellcasting   | |  1.3
Hexes          | |  3.2
Fire Magic     | |  1.0

Action                     || total
---------------------------++-------
   Fire: Sling             ||    76
   Cast: Jinxbite          ||    18
    Use: Potion            ||     1
 Armour: Skin              ||    13
  Dodge: Dodged            ||    12

Table legend: (Time is in decaauts)
 A = Elapsed time spent in this place.
 B = Non-inter-level travel time spent in this place.
 C = Inter-level travel time spent in this place.
 D = Time resting spent in this place.
 E = Time spent auto-exploring this place.
 F = Levels seen in this place.
 G = Mean time per level.
                   A        B        C        D        E       F      G
               +--------+--------+--------+--------+--------+-----+--------+
         Total |   1430 |   1361 |     69 |    165 |    890 |   3 |  476.7 |
       Dungeon |   1430 |   1361 |     69 |    165 |    890 |   3 |  476.7 |
               +--------+--------+--------+--------+--------+-----+--------+

Top non-repeatable levels by time:
     D:2: 716 daAuts
     D:1: 698 daAuts
     D:3: 15 daAuts
